 Dungeon Crawl Stone Soup version 0.30-a0-743-gbfdf073431 (webtiles) character file.

Game seed: 6647491427256137021

5 mistaj the Shield-Bearer (level 1, -1/11 HPs)
             Began as a Vine Stalker Fighter on Feb 6, 2023.
             Slain by a quokka (2 damage)
             ... on level 1 of the Dungeon.
             The game lasted 00:00:13 (81 turns).

mistaj the Shield-Bearer (Vine Stalker Fighter)       Turns: 81, Time: 00:00:14

Health: -1/11      AC:  6    Str: 18    XL:     1   Next: 80%
Magic:  0/2        EV:  9    Int:  8    God:
Gold:   0          SH:  4    Dex: 13    Spells: 0/0 levels left

rFire   . . .      SeeInvis .    a - +0 rapier
rCold   . . .      Faith    .    c - +0 buckler
rNeg    . . .      Spirit   +    b - +0 scale mail
rPois   .          Reflect  .    (no helmet)
rElec   .          Harm     .    (no cloak)
rCorr   .          Rampage  .    (no gloves)
Will    .....                    (no boots) Stlth
                                 (no amulet)
HPRegen 0.21/turn                (no ring)
MPRegen 0.08/turn                (no ring)

@: no status effects
A: fangs 2, magic shield, antimagic bite, no potion heal 2
a: no special abilities


You were on level 1 of the Dungeon.
You visited 1 branch of the dungeon, and saw 1 of its levels.

Inventory:

Hand Weapons
 a - a +0 rapier (weapon)
Armour
 b - a +0 scale mail (worn)
 c - a +0 buckler (worn)
Potions
 d - a potion of might


   Skills:
 + Level 2.8 Fighting
 + Level 2.0 Short Blades
 - Level 2.4 Armour
 + Level 2.8 Shields


You couldn't memorise any spells.
You didn't know any spells.
Your spell library was empty.

Dungeon Overview and Level Annotations

Branches:
Dungeon (1/15)

Altars:


Innate Abilities, Weirdness & Mutations

You have extremely sharp teeth.
When hurt, damage is shared between your health and your magic reserves.
Your bite disrupts and absorbs the magic of your enemies.
Potions cannot restore your health.


Message History

The rat closely misses you.
You closely miss the rat. Your bite misses the rat.
The rat bites you but does no damage. The ball python bites you.
The ball python barely misses you. The rat bites you but does no damage.
You hit the rat. You bite the rat.
You kill the rat!
You block the ball python's attack. The ball python barely misses you.
A quokka comes into view.
You closely miss the ball python. Your bite misses the ball python.
The ball python bites you but does no damage.
The ball python barely misses you. The hobgoblin hits you.
The ball python closely misses you. The ball python grabs you.
The ball python constricts you.
You closely miss the ball python. You bite the ball python.
You kill the ball python!
The hobgoblin hits you.
* * * LOW HITPOINT WARNING * * *
You are too injured to fight recklessly!
You are too injured to fight recklessly!
You are too injured to fight recklessly!
You are too injured to fight recklessly!
You are too injured to fight recklessly!
You barely miss the hobgoblin.
The hobgoblin hits you but does no damage.
You barely miss the hobgoblin. You bite the hobgoblin. You drain its power.
You feel invigorated.
The hobgoblin is severely wounded.
The hobgoblin hits you.
You completely miss the hobgoblin.
You bite the hobgoblin, but do no damage.
The hobgoblin is severely wounded.
The hobgoblin misses you.
You hit the hobgoblin.
You kill the hobgoblin!
The quokka barely misses you.
Your Short Blades skill increases to level 2!
Found 7 gold pieces.
Found an escape hatch in the floor.
The quokka bites you.
* * * LOW HITPOINT WARNING * * *
You closely miss the quokka. The quokka bites you.
You die...

.. ... #####+ #.#
....... ##..##
##....... $....
........
#####.[##.......
#.....†.@....#
>####..r....+
#..........#
#.##.......# ## #
+.......###..
#.......+.#.########
+...(...#.#.#.......
#.....†.#.#.#.#####.
.......†..>..#.#
#...


You could see a quokka.

Vanquished Creatures
  A hobgoblin (D:1)
  A ball python (D:1)
  A bat (D:1)
  A frilled lizard (D:1)
  3 rats (D:1)
7 creatures vanquished.

Notes
Turn   | Place    | Note
-------+----------+-------------------------------------------
     0 | D:1      | mistaj the Vine Stalker Fighter began the quest for the
                  | Orb.
     0 | D:1      | Reached XP level 1. HP: 11/11 MP: 2/2
    81 | D:1      | Slain by a quokka

Illustrated notes

Levels and vault maps discovered:
D:1:      onia_arrival_mini_maze_b, layout_basic

Skill      XL: |  1 |
---------------+----+-----
Short Blades   | 2 |  2.0
Fighting       | |  2.8
Armour         | |  2.4
Shields        | |  2.8

Action                     || total
---------------------------++-------
  Melee: Rapier            ||    19
         Bite              ||     4
 Armour: Scale mail        ||    11
  Dodge: Dodged            ||    15
  Block: Buckler           ||     3

Table legend: (Time is in decaauts)
 A = Elapsed time spent in this place.
 B = Non-inter-level travel time spent in this place.
 C = Inter-level travel time spent in this place.
 D = Time resting spent in this place.
 E = Time spent auto-exploring this place.
 F = Levels seen in this place.
 G = Mean time per level.
                   A        B        C        D        E       F      G
               +--------+--------+--------+--------+--------+-----+--------+
         Total |     84 |     84 |      0 |     14 |     37 |   1 |   84.0 |
       Dungeon |     84 |     84 |      0 |     14 |     37 |   1 |   84.0 |
               +--------+--------+--------+--------+--------+-----+--------+

Top non-repeatable levels by time:
     D:1: 84 daAuts
